 Dungeon Crawl Stone Soup version 0.32-a0-928-g1cae6b7ea0 (webtiles) character file.

Game seed: 15906954774898027558

3500 scarr the Basher (level 9, -2/82 HPs)
             Began as a Mountain Dwarf Berserker on Apr 12, 2024.
             Was a Priest of Trog.
             Slain by Psyche
             ... wielding a +3 dagger of chaos
              (12 damage)
             ... on level 7 of the Dungeon.
             The game lasted 00:10:01 (6766 turns).

scarr the Basher (Mountain Dwarf Berserker)         Turns: 6766, Time: 00:10:01

Health: -2/82      AC:  0    Str: 23    XL:     9   Next: 80%
Magic:  9/9        EV: 12    Int:  9    God:    Trog [***...]
Gold:   99         SH:  0    Dex:  9    Spells: 8/8 levels left

rFire   . . .        b - melded +0 whip (freeze)
rCold   . . .        (shield currently unavailable)
rNeg    . . .        m - melded +10 plate armour of the Bouncing Stories {Int+3 Slay+2}
rPois   .            (helmet currently unavailable)
rElec   .            (cloak currently unavailable)
rCorr   .            t - melded +2 pair of gloves
SInv    .            (boots currently unavailable)
Will    .....        (no amulet)
Stlth   +            A - melded ring of flight
HPRegen 0.33/turn    (ring currently unavailable)
MPRegen 0.11/turn

%: no passive effects
@: lethally poisoned (-2 -> -11), pig-form, very quick
A: fast, no casting, small, runic magic, artefact enchanting
a: Renounce Religion, Berserk, Trog's Hand


You were on level 7 of the Dungeon.
You worshipped Trog.
Trog was most pleased with you.
You were a filthy swine.
You visited 1 branch of the dungeon, and saw 8 of its levels.

You collected 239 gold pieces.
You spent 140 gold pieces at shops.

Inventory:

Hand Weapons
 a - a +0 morningstar
 b - a +0 whip of freezing (melded)
Missiles
 n - 4 boomerangs (quivered)
 B - a throwing net
Armour
 m - the +10 plate armour of the Bouncing Stories (melded) {Int+3 Slay+2}
   (You found it on level 2 of the Dungeon)

   Int+3:     It affects your intelligence (+3).
   Slay+2:    It affects your accuracy & damage with ranged weapons and melee
   (+2).
 t - a +2 pair of gloves (melded)
Jewellery
 A - a ring of flight (melded)
Wands
 u - a wand of warping (5)
 y - a wand of digging (2)
Scrolls
 h - 3 scrolls of blinking
 i - a scroll of enchant weapon {unknown}
 j - 3 scrolls of teleportation
 k - 3 scrolls of vulnerability {unknown}
 p - a scroll of fog {unknown}
 q - a scroll of enchant armour {unknown}
 s - 2 scrolls of revelation {unknown}
 v - 2 scrolls of amnesia {unknown}
 D - 2 scrolls of immolation {unknown}
 E - a scroll of fear {unknown}
Potions
 c - 2 potions of mutation
 d - 7 potions of curing
 e - a potion of resistance {unknown}
 f - a potion of berserk rage {unknown}
 g - 3 potions of might
 l - a potion of attraction
 o - a potion of ambrosia {unknown}
 r - 2 potions of haste
 w - a potion of magic {unknown}
 x - a potion of cancellation {unknown}
 z - 2 potions of heal wounds
 C - a potion of invisibility {unknown}


   Skills:
 + Level 8.4 Fighting
 * Level 12.3 Maces & Flails
 + Level 8.0 Armour
 - Level 1.3 Dodging


You had 8 spell levels left.
You didn't know any spells.
Your spell library was empty.

Dungeon Overview and Level Annotations

Branches:
Dungeon (8/15)             Temple (0/1) D:4
   Lair: D:8-11

Altars:
Dithmenos
Fedhas
Gozag
Okawaru
Xom
Yredelemnul
The Shining One

Shops:
D:7 *

Annotations:
D:7 Psyche


Innate Abilities, Weirdness & Mutations

You are a filthy swine.
You move quickly.
Your equipment is almost entirely melded.
You are incapable of wielding weapons or throwing items.
You cannot cast spells.
Your spellcasting is much less encumbered by armour.
You can use scrolls of enchantment on lesser artefacts.


Message History

You closely miss something.
You feel sick. Something hits you but does no damage.
You closely miss something. You miss something.
You feel sick.
You are no longer poisoned.
Something hits you. Something freezes you.
You hit something. You freeze something. Something hits you but does no damage.
You closely miss something. You hit something. You freeze something.
You hear some strange, mumbled words.
You turn into a filthy swine.
Your +0 whip of freezing melds into your body.
Your +2 pair of gloves melds into your body.
The +10 plate armour of the Bouncing Stories {Int+3 Slay+2} melds into your body.
Your ring of flight melds into your body.
Your +0 whip of freezing stops glowing.
You float gracefully downwards.
You hit something but do no damage. Something hits you!
You barely miss something. Something hits you!
You hit something.
You hear some strange, mumbled words.
A swirling arc of seething chaos appears!
An arc of chaos appears from out of thin air!
The arc of chaos hits you.
You barely miss something. Something hits you!
You hit something.
You hear some strange, mumbled words.
You closely miss something.
You hear some strange, mumbled words.
A swirling arc of seething chaos appears!
An arc of chaos appears from out of thin air!
The arc of chaos hits you.
You miss something. Something hits you!
* * * LOW HITPOINT WARNING * * *
You are poisoned.
You miss something.
You feel very sick. Something hits you!
* * * LOW HITPOINT WARNING * * *
You are electrocuted!
You die...

#....###)##......>...# #..#
##......:............#########.##
.#...........................^..#
.#...................############
.....................#
...##................#
...##...............)#
'#######.##..........# .#
#.##.....h....#
.#######.#.....{.....#
.........#.......#####
##########.......# # ######### #
# # #


There were no monsters in sight!

Vanquished Creatures
  Pikel (D:5)
  A hornet (D:7)
  Eustachio (D:5)
  2 steam dragons (D:6)
  2 vampire mosquitoes (D:7)
  Duvessa (D:5)
  A water moccasin (D:6)
  A black bear (D:5)
  An orc warrior (D:7)
  A sky beast (D:7)
  4 ice beasts
  2 centaurs
  A bullfrog (D:7)
  2 scorpions
  4 wights (D:7)
  Dowan (D:5)
  3 killer bees (D:7)
  A howler monkey (D:7)
  4 orc priests
  3 hounds
  2 gnoll boudas
  A jelly (D:6)
  2 iguanas (D:6)
  An orc wizard (D:2)
  9 gnolls
  3 adders
  A shadow imp (D:6)
  2 white imps
  2 ufetubi
  2 dart slugs
  16 orcs
  5 bats
  7 endoplasms
  2 giant cockroaches
  4 goblins (D:1)
  6 hobgoblins
  4 jackals (D:1)
  3 kobolds
  A quokka (D:1)
  3 ball pythons
  A frilled lizard (D:2)
  3 rats
117 creatures vanquished.

Vanquished Creatures (others)
  A black bear (D:6)
  A gnoll bouda (D:6)
  3 gnolls (D:6)
5 creatures vanquished.

Grand Total: 122 creatures vanquished

Notes
Turn   | Place    | Note
-------+----------+-------------------------------------------
     0 | D:1      | scarr the Mountain Dwarf Berserker began the quest for the
                  | Orb.
     0 | D:1      | Reached XP level 1. HP: 19/19 MP: 1/1
    63 | D:1      | Reached skill level 4 in Maces & Flails
    63 | D:1      | Reached XP level 2. HP: 23/26 MP: 2/2
   490 | D:1      | Reached ** piety under Trog
   497 | D:1      | Reached XP level 3. HP: 28/33 MP: 3/3
   900 | D:2      | Reached XP level 4. HP: 35/40 MP: 4/4
   902 | D:2      | Reached skill level 5 in Maces & Flails
   907 | D:2      | HP: 1/40 [orc priest/divine providence (17)]
  1505 | D:2      | Identified the +10 plate armour of the Bouncing Stories
                  | {Int+3 Slay+2}
  1531 | D:2      | You fall into a shaft and drop 1 floor!
  1666 | D:3      | Found a shimmering altar of Xom.
  2151 | D:3      | Found an iron altar of Okawaru.
  2151 | D:3      | Found a shadowy altar of Dithmenos.
  2626 | D:4      | Found a glowing golden altar of the Shining One.
  2628 | D:4      | Found a blossoming altar of Fedhas.
  2785 | D:4      | Found a staircase to the Ecumenical Temple.
  2876 | D:4      | Noticed a scorpion
  2885 | D:4      | Killed a scorpion
  2886 | D:4      | Reached XP level 5. HP: 34/47 MP: 5/5
  3049 | D:5      | Entered Level 5 of the Dungeon
  3049 | D:5      | Noticed a lemure
  3078 | D:5      | Noticed Duvessa
  3078 | D:5      | Noticed Dowan
  3127 | D:5      | Killed Duvessa
  3128 | D:5      | Reached skill level 6 in Maces & Flails
  3128 | D:5      | Reached XP level 6. HP: 53/53 MP: 6/6
  3135 | D:5      | Killed Dowan
  3140 | D:5      | Noticed Pikel
  3189 | D:5      | Killed Pikel
  3190 | D:5      | Reached skill level 5 in Fighting
  3190 | D:5      | Reached skill level 8 in Maces & Flails
  3190 | D:5      | Reached skill level 5 in Armour
  3190 | D:5      | Reached XP level 7. HP: 62/62 MP: 7/7
  3493 | D:5      | Noticed Eustachio
  3513 | D:5      | Killed Eustachio
  3514 | D:5      | Reached XP level 8. HP: 63/70 MP: 8/8
  3579 | D:5      | Found a basalt altar of Yredelemnul.
  3618 | D:5      | Reached skill level 9 in Maces & Flails
  4262 | D:6      | Reached skill level 10 in Maces & Flails
  5305 | D:7      | Reached XP level 9. HP: 79/79 MP: 9/9
  5316 | D:7      | Reached *** piety under Trog
  5449 | D:7      | Reached skill level 11 in Maces & Flails
  5505 | D:7      | Identified the +6 leather armour of Niaropha {rC+ Dex+2}
  5925 | D:7      | Found an opulent altar of Gozag.
  6132 | D:7      | Found Keorumn's Island Escapes.
  6140 | D:7      | Bought a potion of haste for 140 gold pieces
  6155 | D:7      | Reached skill level 12 in Maces & Flails
  6743 | D:8      | Noticed Psyche
  6766 | D:7      | Slain by Psyche

Illustrated notes

Levels and vault maps discovered:
D:1:      grunt_arrival_lava_bath, layout_basic
D:2:      layout_loops_ring
D:3:      layout_loops_corners, gammafunk_temple_overflow_wave,
          mainiacjoe_overflow_alcove_1
D:4:      layout_gridville, mainiacjoe_overflow_catwalk_spiral, temple_green
D:5:      layout_basic, mainiacjoe_overflow_concentric_impassable,
          kennysheep_path_1, grunt_ministairs_1, uniq_duvessa, uniq_pikel,
          uniq_eustachio
D:6:      layout_cave_pods, fountainhead, dk_vineyard_3,
          nicolae_twisty_statue_hallways
D:7:      layout_basic, nicolae_gozag_cash_rules_everything_around_me,
          nicolae_island_escapes
D:8:      layout_cave_pools, erik_lair_orcish_takeover, uniq_psyche

Skill      XL: |  1  2  3  4  5  6  7  8  9 |
---------------+----------------------------+-----
Maces & Flails | 4 5 6 8 10 12 | 12.3
Armour         | 3 5 6 8 |  8.0
Fighting       | 4 5 6 7 8 |  8.4
Dodging        | |  1.3

Action                     |  1- 3 |  4- 6 |  7- 9 || total
---------------------------+-------+-------+-------++-------
  Melee: Mace              |   105 |    83 |    16 ||   204
         Whip              |       |       |   336 ||   336
         Morningstar       |       |       |    42 ||    42
         Unarmed           |       |       |     8 ||     8
   Fire: Sling             |     6 |       |       ||     6
  Throw: Boomerang         |       |     7 |    21 ||    28
 Invoke: Berserk           |     2 |     2 |     2 ||     6
  Evoke: Wand              |       |       |     1 ||     1
    Use: Scroll            |       |     5 |     3 ||     8
   Stab: Sleeping          |     1 |       |       ||     1
 Armour: Animal skin       |    67 |    17 |       ||    84
         Plate armour      |       |    65 |   324 ||   389
         Skin              |       |       |     7 ||     7
  Dodge: Dodged            |    55 |    25 |   109 ||   189

Table legend: (Time is in decaauts)
 A = Elapsed time spent in this place.
 B = Non-inter-level travel time spent in this place.
 C = Inter-level travel time spent in this place.
 D = Time resting spent in this place.
 E = Time spent auto-exploring this place.
 F = Levels seen in this place.
 G = Mean time per level.
                   A        B        C        D        E       F      G
               +--------+--------+--------+--------+--------+-----+--------+
         Total |   6711 |   6362 |    349 |   1268 |   3720 |   8 |  838.9 |
       Dungeon |   6711 |   6362 |    349 |   1268 |   3720 |   8 |  838.9 |
               +--------+--------+--------+--------+--------+-----+--------+

Top non-repeatable levels by time:
     D:6: 1478 daAuts
     D:7: 1325 daAuts
     D:3: 921 daAuts
     D:2: 875 daAuts
     D:1: 820 daAuts
     D:4: 664 daAuts
     D:5: 609 daAuts
     D:8: 16 daAuts
